AoeStats
← So sad

Nomad

510356077Analyzed
3v3 RM · 19h ago on Sep 30, 2026· 22m 26s· 6 players
Game mode
Random Map
Map size
210×210
Population
200
Speed
Normal
Resources
Standard
Victory
Conquest
Starting age
Dark Age
Ending age
Imperial Age
RankedLock teamsTeams togetherTeam positionsShared explorationLock speedFull tech treeHidden civsTurbo modeCheats
Victory
Defeat
🇺🇦 Spanish · Ukraine
1349
+14
🇧🇾 Dravidians · Belarus
1348
+14
🇧🇾 Bengalis · Belarus
1335
+14
🇨🇦 Mongols · Canada
1433
-20
🇨🇦 Persians · Canada
1242
-12
🇩🇪 Varangians · Germany
1210
-10
So sad
3:06 Loom
14:30 Feudal Age
15:49 Wheelbarrow
15:20 Double-Bit Axe
16:33 Fishing Lines
19:23 Castle Age
18:26 Town Watch
19:00 Fletching
19:15 Scale Barding Armor
21:38 Elite Skirmisher
22:22 Husbandry
22:33 Bloodlines
22:26 Husbandry
NiL
5:02 Loom
12:27 Feudal Age
13:02 Fishing Lines
17:51 Castle Age
16:20 Fletching
19:57 Gillnets
20:28 Medium Warships
HURMA
4:27 Loom
14:01 Feudal Age
17:21 Wheelbarrow
20:03 Castle Age
18:03 Gold Mining
18:13 Fishing Lines
19:10 Forging
21:12 Medium Warships
21:54 Iron Casting
a7xbast
5:43 Loom
13:21 Feudal Age
18:25 Castle Age
16:34 Fletching
16:54 Forging
19:12 Demolition Ship
21:41 Medium Warships
wayan
5:46 Loom
14:45 Feudal Age
20:45 Castle Age
18:52 Double-Bit Axe
19:27 Fletching
20:13 Town Watch
22:09 Wheelbarrow
22:22 Medium Warships
Masp
2:56 Loom
11:32 Feudal Age
12:10 Town Watch
12:31 Fishing Lines
Connection lost

Rejoining the realm…

Still unreachable

The connection could not be restored.

Session expired

The server has moved on; the page needs a fresh start.